 Dungeon Crawl Stone Soup version 0.30-a0-728-gc68057be0a (webtiles) character file.

Game seed: 4221824939272603147

34154 DavidChitty2 the Severer (level 13, -10/117 HPs)
             Began as a Minotaur Fighter on Jan 31, 2023.
             Was a High Priest of Makhleb.
             Mangled by Rupert
             ... wielding a +2 heavy great sword
              (36 damage)
             ... on level 4 of the Lair of Beasts.
             The game lasted 00:23:53 (15614 turns).

DavidChitty2 the Severer (Minotaur Fighter)        Turns: 15614, Time: 00:23:54

Health: -10/117    AC: 22    Str: 30    XL:     13   Next: 40%
Magic:  19/19      EV:  8    Int:  4    God:    Makhleb [*****.]
Gold:   1083       SH:  6    Dex: 10    Spells: 12/12 levels left

rFire   . . .      SeeInvis .    a - +4 war axe
rCold   + + .      Faith    .    c - +0 buckler
rNeg    + + .      Spirit   .    n - +0 plate armour
rPois   +          Reflect  .    (helmet restricted)
rElec   .          Harm     .    H - +0 cloak
rCorr   +          Rampage  +    e - +1 pair of gloves "Ecvoamp" {rF+ Int+3}
Will    +++..      Clarity  +    F - +1 pair of boots {rampage} Stlth
                                 Z - amulet of the Four Winds {rN+ Will+++ Clar}
HPRegen 0.39/turn                R - ring "Niehaes" {Wiz rC+ rN+}
MPRegen 0.16/turn                U - ring of Tamoh {Ice rPois rCorr Str+4 Int-4}

@: lethally poisoned (-10 -> -26)
A: horns 2, retaliatory headbutt
a: Renounce Religion, Minor Destruction, Lesser Servant of Makhleb, Major
Destruction, Greater Servant of Makhleb


You were on level 4 of the Lair of Beasts.
You worshipped Makhleb.
Makhleb was extremely pleased with you.
You visited 3 branches of the dungeon, and saw 17 of its levels.
You also visited: Sewer and Gauntlet.

You collected 1285 gold pieces.
You spent 202 gold pieces at shops.

Inventory:

Hand Weapons
 a - a +4 war axe (weapon)
   (You took it off a wight on level 10 of the Dungeon)
 b - a +3 flail
   (You found it on level 8 of the Dungeon)
Missiles
 k - a throwing net (quivered) {!f}
Armour
 c - a +0 buckler (worn)
 e - the +1 pair of gloves "Ecvoamp" (worn) {rF+ Int+3}
   (You acquired it on level 2 of the Lair of Beasts)

   Int:       It affects your intelligence (+3).
   rF:        It protects you from fire.
 n - a +0 plate armour (worn)
   (You found it on level 2 of the Dungeon)
 F - a +1 pair of boots of rampaging (worn)
   (You bought it in a shop on level 4 of the Dungeon)
 H - a +0 cloak (worn)
   (You found it on level 9 of the Dungeon)
 T - the +2 pair of gloves of Ogego {*Slow rN++ Dex+2 Slay+5}
   (You found it in a Gauntlet)

   Dex:       It affects your dexterity (+2).
   Slay:      It affects your accuracy & damage with ranged weapons and melee
   (+5).
   rN:        It greatly protects you from negative energy.
   *Slow:     It may slow you when you take damage.
Magical Staves
 V - a staff of air
   (You found it in a Gauntlet)
 W - a staff of earth
   (You found it in a Gauntlet)
 X - a staff of fire
   (You found it in a Gauntlet)
 Y - a staff of fire
   (You found it in a Gauntlet)
Jewellery
 i - a ring of protection from fire
   (You found it on level 5 of the Dungeon)
 j - a +5 ring of evasion
   (You found it on level 7 of the Dungeon)
 v - a ring of fire
   (You found it on level 3 of the Dungeon)
 Q - the amulet "Zyxzenio" {Regen+ rCorr SInv}
   (You acquired it on level 1 of the Lair of Beasts)

   [amulet of regeneration]

   SInv:      It lets you see invisible.
   Regen:     It increases your rate of health regeneration.
   rCorr:     It protects you from acid and corrosion.
 R - the ring "Niehaes" (left hand) {Wiz rC+ rN+}
   (You found it in a Gauntlet)

   [ring of wizardry]

   It improves your spell success rate.
   rC:        It protects you from cold.
   rN:        It protects you from negative energy.
 U - the ring of Tamoh (right hand) {Ice rPois rCorr Str+4 Int-4}
   (You took it off a minotaur in a Gauntlet)

   [ring of ice]

   It enhances your ice magic.
   Str:       It affects your strength (+4).
   Int:       It affects your intelligence (-4).
   rF:        It makes you vulnerable to fire.
   rC:        It protects you from cold.
   rPois:     It protects you from poison.
   rCorr:     It protects you from acid and corrosion.
 Z - the amulet of the Four Winds (around neck) {rN+ Will+++ Clar}
   (You found it in a Gauntlet)

   [amulet of nothing]

   rN:        It protects you from negative energy.
   Clar:      It protects you against confusion.
   Will:      It greatly increases your willpower.
Wands
 d - a wand of iceblast (14)
   (You found it on level 7 of the Dungeon)
 t - a wand of flame (9)
   (You found it on level 10 of the Dungeon)
 u - a wand of paralysis (54)
   (You found it on level 3 of the Dungeon)
 G - a wand of mindburst (7)
   (You found it on level 10 of the Dungeon)
 P - a wand of polymorph (4)
   (You found it in a Gauntlet)
Scrolls
 g - 8 scrolls of teleportation {@r4}
 m - 2 scrolls of magic mapping
 o - 4 scrolls of fear
 r - 2 scrolls of vulnerability {!r}
 w - a scroll of identify {@r1}
 A - a scroll of blinking {unknown}
 B - 7 scrolls of enchant armour
 D - 4 scrolls of fog
 N - a scroll of poison {!r}
 O - a scroll of torment {!r}
 S - 2 scrolls of immolation {!r}
Potions
 f - 6 potions of ambrosia
 h - 6 potions of mutation {!q}
 l - 2 potions of haste {unknown}
 p - a potion of resistance
 q - 4 potions of attraction {!q}
 s - 5 potions of might
 x - a potion of invisibility
 y - 2 potions of cancellation
 z - 2 potions of berserk rage
 C - 5 potions of brilliance {unknown}
 E - 8 potions of flight {unknown}
 I - a potion of magic {unknown}
 J - 3 potions of curing {@q1}
 L - 4 potions of heal wounds {@q2}
 M - a potion of lignification {!q}


   Skills:
 + Level 11.8 Fighting
 * Level 16.2 Axes
 + Level 12.0 Armour
 + Level 12.0 Shields
 + Level 9.4 Invocations


You had 12 spell levels left.
You didn't know any spells.
Your spell library contained the following spells:

 Spells                   Type           Power      Damage    Failure   Level
 Foxfire                  Conj/Fire      0%         2x1d4     83%         1
 Magic Dart               Conj           0%         1d3       83%         1
 Ensorcelled Hibernation  Hex/Ice        0%         N/A       92%         2
 Searing Ray              Conj           0%         2d4       92%         2
 Dazzling Flash           Conj/Hex       0%         N/A       99%         3
 Kindle Blastsparks       Fire/Tloc/Air  0%         2d10      99%         3
 Spider Form              Tmut/Pois      0%         N/A       99%         3
 Anguish                  Hex/Necr       0%         N/A       100%        4
 Fulminant Prism          Conj/Hex       0%         3d5       100%        4
 Iskenderun's Mystic Bla  Conj/Tloc      0%         2d3       100%        4
 Agony                    Necr           0%         N/A       100%        5
 Fireball                 Conj/Fire      0%         3d3       100%        5
 Lee's Rapid Deconstruct  Erth           0%         3d4*      100%        5
 Silence                  Hex/Air        0%         N/A       100%        5
 Starburst                Conj/Fire      0%         6d3       100%        6


Dungeon Overview and Level Annotations

Branches:
Dungeon (12/15)            Temple (1/1) D:6            Lair (4/5) D:11
 Shoals (0/4) Lair:3       Spider (0/4) Lair:3        Slime (0/5) Lair:4
    Orc (0/2) D:9           Sewer (visited)         Gauntlet (visited)

Altars:
Ashenzari
Cheibriados
Dithmenos
Elyvilon
Fedhas
Gozag
Hepliaklqana
Kikubaaqudgha
Makhleb
Nemelex Xobeh
Okawaru
Qazlal
Ru
Sif Muna
Trog
Uskayaw
Vehumet
Wu Jian
Xom
Yredelemnul
Zin
The Shining One
Jiyva

Shops:
D:4 [   D:7 !

Annotations:
Lair:2 2 transporters, Firib's ghost, journeyman TrWn
Lair:4 Rupert


Innate Abilities, Weirdness & Mutations

You have a pair of horns on your head.
You reflexively headbutt those who attack you in melee.


Message History

Your headbutt misses the black mamba. You slash the plant!
The plant begins to die.
Rupert roars madly and goes into a rage!
Rupert goes berserk!
The black mamba bites you!
You hit the black mamba. You slash the plant!
You block the black mamba's attack.
You miss the black mamba. You hit the plant. You slash Rupert!
The black mamba barely misses you. Rupert hits you but does no damage.
You slash Rupert! Your headbutt misses Rupert. You barely miss the black mamba.
You hit the plant. You block the black mamba's attack.
The black mamba bites you but does no damage.
Rupert hits you with a +2 heavy great sword!!!
You hit Rupert. You barely miss the black mamba. You slash the plant!
A nearby plant withers and dies.
You block the black mamba's attack.
You closely miss Rupert. You slash the black mamba!
Rupert hits you with a +2 heavy great sword!!
* * * LOW HITPOINT WARNING * * *
The black mamba bites you but does no damage.
You hit Rupert. Your headbutt misses Rupert.
You completely miss the black mamba.
The black mamba bites you but does no damage.
Rupert completely misses you.
The black mamba bites you but does no damage.
Unknown command.
You hit Rupert but do no damage. You headbutt Rupert.
You closely miss the black mamba.
The black mamba bites you but does no damage.
You hit Rupert. You hit the black mamba. You block Rupert's attack.
The black mamba barely misses you.
You barely miss Rupert. You headbutt Rupert! You closely miss the black mamba.
The black mamba bites you!
* * * LOW HITPOINT WARNING * * *
Rupert hits you with a +2 heavy great sword!!
* * * LOW HITPOINT WARNING * * *
Okay, then.
You feel much better. You block the black mamba's attack.
The black mamba bites you but does no damage.
Rupert misses you.
You feel much better. The black mamba bites you.
* * * LOW HITPOINT WARNING * * *
Rupert closely misses you. The black mamba bites you!
* * * LOW HITPOINT WARNING * * *
You are poisoned.
The black mamba poisons you!
Aim: Rupert, wielding a +2 heavy great sword and wearing a +2 chain mail of cold resistance (moderately wounded, berserk)
The bolt of magma hits Rupert!!
You feel very sick. You block the black mamba's attack.
Rupert hits you with a +2 heavy great sword!!!
You die...

#...#### ##.........#
##..##P. ......)...#
#####.. #..........
##... ##..........
##P... #...........
##P..## #.........#
#P..##. #..S.#...#
##..#... ##.@@.#
##..###.. ##....##
##..## #..
#..P...#####...# ##..
##.......P....####...
#..#............####.
#####...###.....## ##
####...####.##...###
#P....#..######....##
##P..##.#..## ##.....


You could see Rupert (berserk) and a black mamba.

Vanquished Creatures
  A minotaur (Gauntlet)
  A hydra (Lair:3)
  Erica (D:9)
  3 death yaks
  3 two-headed ogres
  2 death scarabs (Gauntlet)
  Urug (Lair:1)
  An ugly thing (D:10)
  A manticore (D:11)
  4 black mambas
  A minotaur zombie (Gauntlet)
  3 rime drakes
  7 cane toads
  3 komodo dragons
  3 meliai (Gauntlet)
  2 trolls
  A queen bee (Lair:3)
  Prince Ribbit (D:8)
  Grinder (D:6)
  13 blink frogs
  A spectral black mamba (Gauntlet)
  A vampire (D:11)
  A culicivora (Lair:3)
  2 shadows
  3 wyverns
  43 yaks
  Eustachio (D:6)
  7 basilisks
  A steam dragon (D:9)
  4 vampire mosquitoes (D:11)
  An acid dragon (D:11)
  9 water moccasins
  Pargi (Sewer)
  10 orc warriors
  3 black bears
  2 ice beasts (D:7)
  2 sky beasts
  6 wolves (Lair:2)
  An ogre (D:6)
  5 centaurs
  A phantom (D:4)
  A kobold brigand (D:7)
  12 bullfrogs
  A scorpion (D:6)
  3 wights (D:10)
  28 killer bees
  A vampire bat (Lair:4)
  An electric eel (Lair:3)
  4 hounds
  4 jellies
  A gnoll bouda (D:5)
  11 orc priests
  Jessica (D:3)
  2 iguanas
  14 orc wizards
  7 gnolls (D:5)
  11 adders
  5 white imps
  2 ufetubi
  2 worms (D:2)
  4 dart slugs
  59 orcs
  11 bats
  4 endoplasms
  4 giant cockroaches
  5 goblins
  9 hobgoblins
  17 kobolds
  3 quokkas
  5 ball pythons
  3 frilled lizards
  6 rats
399 creatures vanquished.

Vanquished Creatures (collateral kills)
  A spectral komodo dragon (Gauntlet)
  A yak (D:11)
  3 orc warriors (D:9)
  3 orcs
8 creatures vanquished.

Vanquished Creatures (others)
  16 fungi
  20 plants
36 creatures vanquished.

Grand Total: 443 creatures vanquished

Notes
Turn   | Place    | Note
-------+----------+-------------------------------------------
     0 | D:1      | DavidChitty2 the Minotaur Fighter began the quest for the
                  | Orb.
     0 | D:1      | Reached XP level 1. HP: 19/19 MP: 0/0
   142 | D:1      | Reached XP level 2. HP: 27/27 MP: 1/1
   213 | D:1      | Reached skill level 3 in Axes
   646 | D:2      | Reached XP level 3. HP: 33/33 MP: 2/2
  1119 | D:2      | Reached XP level 4. HP: 40/40 MP: 3/3
  1288 | D:3      | Found a broken altar of Ashenzari.
  1421 | D:3      | Reached skill level 4 in Axes
  1506 | D:3      | Found a burning altar of Makhleb.
  1506 | D:3      | Noticed Jessica
  1508 | D:3      | Killed Jessica
  1513 | D:3      | Became a worshipper of Makhleb the Destroyer
  1821 | D:3      | Reached XP level 5. HP: 44/47 MP: 4/4
  1963 | D:3      | Found a hide-covered altar of Uskayaw.
  2127 | D:4      | Found Xeosk's Antique Armour Shoppe.
  2141 | D:4      | Noticed a black bear
  2150 | D:4      | Killed a black bear
  2151 | D:4      | Reached skill level 5 in Axes
  2151 | D:4      | Reached skill level 1 in Invocations
  2151 | D:4      | Reached XP level 6. HP: 41/55 MP: 5/5
  2274 | D:4      | Reached skill level 5 in Armour
  2381 | D:4      | Reached skill level 5 in Fighting
  2512 | D:4      | Bought a pair of embroidered boots for 202 gold pieces
  2742 | D:4      | Reached skill level 5 in Shields
  2743 | D:4      | Reached * piety under Makhleb
  2754 | D:4      | Reached XP level 7. HP: 55/61 MP: 7/7
  2967 | D:5      | Entered Level 5 of the Dungeon
  2973 | D:5      | Reached skill level 6 in Axes
  3182 | D:5      | Found a bloodstained altar of Trog.
  3182 | D:5      | Found a snail-covered altar of Cheibriados.
  3301 | D:5      | Found an iron altar of Okawaru.
  3709 | D:6      | Found a glowing drain.
  3716 | D:6      | Reached skill level 7 in Axes
  3716 | D:6      | Reached XP level 8. HP: 26/70 MP: 9/9
  3727 | Sewer    | Entered a sewer
  3967 | Sewer    | Noticed Pargi
  3977 | Sewer    | Killed Pargi
  3977 | Sewer    | Reached ** piety under Makhleb
  4322 | D:6      | Noticed Eustachio
  4334 | D:6      | Killed Eustachio
  4403 | D:6      | Found a staircase to the Ecumenical Temple.
  4584 | D:6      | Reached skill level 8 in Axes
  4736 | D:6      | Noticed Grinder
  4748 | D:6      | Killed Grinder
  4761 | Temple   | Entered the Ecumenical Temple
  5795 | D:7      | Found Xiriewn's Distillery.
  5912 | D:7      | Reached XP level 9. HP: 78/78 MP: 11/11
  5949 | D:7      | Reached skill level 9 in Axes
  6081 | D:7      | Found an opulent altar of Gozag.
  6638 | D:7      | Reached skill level 5 in Invocations
  6642 | D:7      | Reached skill level 10 in Axes
  6836 | D:8      | Noticed a two-headed ogre
  6844 | D:8      | Killed a two-headed ogre
  6845 | D:8      | Reached XP level 10. HP: 48/88 MP: 11/13
  7085 | D:8      | Noticed Prince Ribbit
  7093 | D:8      | Killed Prince Ribbit
  7167 | D:8      | Reached *** piety under Makhleb
  7533 | D:9      | Reached skill level 11 in Axes
  8137 | D:9      | Found a staircase to the Orcish Mines.
  8137 | D:9      | Noticed Erica
  8184 | D:9      | Killed Erica
  8210 | D:9      | Reached skill level 12 in Axes
  8377 | D:9      | Reached **** piety under Makhleb
  8445 | D:10     | Entered Level 10 of the Dungeon
  8941 | D:10     | Reached XP level 11. HP: 82/97 MP: 14/14
  9029 | D:10     | Noticed a two-headed ogre
  9039 | D:10     | Killed a two-headed ogre
  9970 | D:11     | Noticed a white ugly thing
  9984 | D:10     | Killed a white ugly thing
 10042 | D:11     | Noticed a two-headed ogre
 10050 | D:11     | Reached skill level 13 in Axes
 10058 | D:11     | Killed a two-headed ogre
 10179 | D:11     | Found a staircase to the Lair.
 10260 | D:11     | Reached skill level 10 in Armour
 10536 | Lair:1   | Entered Level 1 of the Lair of Beasts
 10543 | Lair:1   | Reached skill level 10 in Shields
 10615 | Lair:1   | Reached skill level 10 in Fighting
 10779 | Lair:1   | Reached ***** piety under Makhleb
 10787 | Lair:1   | Identified the +4 trident of Luxury {freeze, rF+}
 10948 | Lair:1   | Identified a scroll of acquirement
 10948 | Lair:1   | Acquired the amulet "Zyxzenio" {Regen+ rCorr SInv}
 11224 | Lair:1   | Noticed Urug
 11244 | Lair:1   | Killed Urug
 11245 | Lair:1   | Reached XP level 12. HP: 69/106 MP: 16/16
 11397 | Lair:2   | Reached skill level 14 in Axes
 11429 | Lair:2   | Found a transporter.
 11429 | Lair:2   | Found a transporter.
 11429 | Lair:2   | Noticed Firib's ghost (journeyman TrWn)
 11457 | Lair:2   | Found a gate leading to a gauntlet.
 11470 | Gauntlet | Entered a Gauntlet
 11470 | Gauntlet | Found a transporter.
 11473 | Gauntlet | Noticed an entropy weaver
 11489 | Gauntlet | Noticed a death yak
 11490 | Gauntlet | Found a transporter.
 11490 | Gauntlet | Noticed a death yak
 11491 | Gauntlet | Noticed a death yak
 11493 | Gauntlet | Noticed a death yak
 11503 | Gauntlet | Found a transporter.
 11507 | Gauntlet | Found a transporter.
 11519 | Gauntlet | Found a transporter.
 11537 | Gauntlet | Found a transporter.
 11537 | Gauntlet | Noticed a blizzard demon
 11543 | Gauntlet | Found a transporter.
 11546 | Gauntlet | Found a transporter.
 11566 | Gauntlet | Noticed a death scarab
 11569 | Gauntlet | Found a transporter.
 11580 | Gauntlet | Noticed a death scarab
 11587 | Gauntlet | Found a transporter.
 11591 | Gauntlet | Found a transporter.
 11603 | Gauntlet | Found a transporter.
 11738 | Gauntlet | HP: 1/107 [meliai/divine providence (15)]
 11829 | Gauntlet | Identified the ring "Niehaes" {Wiz rC+ rN+}
 11850 | Gauntlet | Killed a death scarab
 11854 | Gauntlet | Killed a death scarab
 11891 | Gauntlet | Identified the +2 pair of gloves of Ogego {*Slow rN++ Dex+2
                  | Slay+5}
 11912 | Gauntlet | Found the amulet of the Four Winds {rN+ Will+++ Clar}
 11912 | Gauntlet | Identified the ring of Tamoh {Ice rPois rCorr Str+4 Int-4}
 11912 | Gauntlet | Noticed a minotaur
 11930 | Gauntlet | Killed a minotaur
 12132 | Lair:2   | Acquired the +1 pair of gloves "Ecvoamp" {rF+ Int+3}
 12248 | Lair:2   | Reached skill level 15 in Axes
 13217 | Lair:3   | Noticed a seven-headed hydra
 13227 | Lair:3   | Killed a seven-headed hydra
 13434 | Lair:3   | Found a hole to the Spider Nest.
 13493 | Lair:3   | Found a staircase to the Shoals.
 13604 | Lair:3   | Reached XP level 13. HP: 78/116 MP: 18/18
 14519 | Lair:4   | Found the +5 glaive of the Guard {elec, spectral, AC+5}
 14537 | Lair:4   | Found a staircase to the Slime Pits.
 14538 | Lair:4   | Found a viscous altar of Jiyva.
 14546 | Lair:4   | Reached skill level 16 in Axes
 15598 | Lair:4   | Noticed Rupert
 15614 | Lair:4   | Mangled by Rupert

Illustrated notes

Levels and vault maps discovered:
D:1:      dpeg_arrival_renting, layout_basic
D:2:      layout_loops_ring, glass_columns_a, st_stairs_14, minmay_tetromino_t2
D:3:      layout_basic, lemuel_coloured_pillars_altar,
          mainiacjoe_overflow_24_doors, lemuel_tele_altar, uniq_jessica
D:4:      layout_loops_ring, serial_shops, shop
D:5:      layout_gridville, mainiacjoe_overflow_cross_hatched,
          mainiacjoe_overflow_divided_tiny
D:6:      layout_layer_cave, minmay_temple_entry_junction_2,
          portal_sewer_entry_f, uniq_grinder, uniq_eustachio
D:7:      layout_basic, grunt_gozag_breadcrumbs, serial_shops,
          nicolae_shop_trees
D:8:      layout_basic, uniq_prince_ribbit1
D:9:      layout_basic, david_orc_5, uniq_erica
D:10:     layout_stronghold, minmay_misc_feat_four_crosses, lightli_orcish_oven
D:11:     layout_cave_pools, lair_entry_dummy
D:12:     layout_cave_pools
Temple:   nicolae_temple_superstar
Lair:1:   layout_hall_layers, pdpol_lair_neglected_garden, beast_lair_carwin_2,
          uniq_urug
Lair:2:   layout_chaotic_city, gauntlet_entry_generic, gammafunk_ghost_hive,
          serial_bayou_shore_a
Lair:3:   layout_gridlike, minmay_shoals_entry_centaurs,
          spider_nest_entry_rubble, special_room [special_room_bee],
          minivault_19
Lair:4:   layout_cave_pods, slime_entry_1, serial_bayou_pond_e, roderic_batcave,
          uniq_rupert

Skill      XL: |  1  2  3  4  5  6  7  8  9 10 11 12 13 |
---------------+----------------------------------------+-----
Axes           | 3 4 5 7 8 10 12 13 15 16 | 16.2
Fighting       | 4 5 6 8 9 10 11 | 11.8
Armour         | 4 5 6 8 9 10 11 12 | 12.0
Shields        | 4 5 6 8 9 10 11 12 | 12.0
Invocations    | 1 2 4 5 6 7 9 |  9.4

Action                     |  1- 3 |  4- 6 |  7- 9 | 10-12 | 13-15 || total
---------------------------+-------+-------+-------+-------+-------++-------
  Melee: War axe           |    66 |    79 |   230 |   524 |   142 ||  1041
         Headbutt          |     8 |    12 |    47 |   116 |    33 ||   216
         Flail             |       |       |       |     5 |       ||     5
 Invoke: Minor Destruction |       |       |     1 |       |       ||     1
         Lesser Servant of |       |       |       |     3 |       ||     3
         Major Destruction |       |       |       |     4 |     1 ||     5
    Use: Scroll            |       |       |    18 |     8 |       ||    26
         Potion            |       |       |       |     3 |     2 ||     5
   Stab: Distracted        |       |       |       |     3 |       ||     3
 Armour: Scale mail        |    23 |       |       |       |       ||    23
         Plate armour      |    10 |    69 |   146 |   298 |    73 ||   596
  Dodge: Dodged            |    32 |    33 |    81 |   272 |    41 ||   459
  Block: Buckler           |    19 |    28 |    66 |   197 |    41 ||   351

Table legend: (Time is in decaauts)
 A = Elapsed time spent in this place.
 B = Non-inter-level travel time spent in this place.
 C = Inter-level travel time spent in this place.
 D = Time resting spent in this place.
 E = Time spent auto-exploring this place.
 F = Levels seen in this place.
 G = Mean time per level.
                   A        B        C        D        E       F      G
               +--------+--------+--------+--------+--------+-----+--------+
         Total |  15639 |  15041 |    598 |   1646 |  10706 |  19 |  823.1 |
       Dungeon |  10106 |   9625 |    481 |    584 |   7279 |  12 |  842.2 |
        Temple |    178 |    153 |     25 |      0 |    139 |   1 |  178.0 |
          Lair |   4439 |   4347 |     92 |    806 |   2939 |   4 | 1109.8 |
         Sewer |    325 |    325 |      0 |    118 |    152 |   1 |  325.0 |
      Gauntlet |    589 |    589 |      0 |    138 |    197 |   1 |  589.0 |
               +--------+--------+--------+--------+--------+-----+--------+

Top non-repeatable levels by time:
  Lair:3: 1652 daAuts
     D:6: 1519 daAuts
    D:10: 1515 daAuts
  Lair:4: 1114 daAuts
     D:7: 1103 daAuts
     D:4: 911 daAuts
     D:9: 902 daAuts
  Lair:1: 844 daAuts
     D:3: 833 daAuts
  Lair:2: 827 daAuts
     D:8: 771 daAuts
     D:5: 708 daAuts
     D:1: 641 daAuts
     D:2: 630 daAuts
Gauntlet: 589 daAuts
